 Dungeon Crawl Stone Soup version 0.23-a0-446-g036aa52 (webtiles) character file.

6468 Dfrag the Reanimator (level 10, -6/94 HPs)
             Began as a Deep Dwarf Necromancer on Nov 18, 2018.
             Was a Priest of Makhleb.
             Mangled by a wyvern skeleton (9 damage)
             ... on level 11 of the Dungeon.
             The game lasted 00:20:43 (7688 turns).

Dfrag the Reanimator (Deep Dwarf Necromancer)       Turns: 7688, Time: 00:20:44

Health: -6/94      AC:  3    Str: 11    XL:     10   Next: 68%
Magic:  32/32      EV: 12    Int: 20    God:    Makhleb [***...]
Gold:   220        SH:  0    Dex: 13    Spells: 19/27 levels left

rFire    + . .     SeeInvis .   v - +0 war axe (elec)
rCold    . . .     Gourm    .   (no shield)
rNeg     . . .     Faith    .   I - +0 robe {rF+}
rPois    .         Spirit   .   (no helmet)
rElec    .         Reflect  .   Q - +0 cloak
rCorr    .         Harm     .   (no gloves)
MR       +....                  (no boots)
Stlth    +++.......             K - amulet of magic regeneration
HPRegen  0.00/turn              o - ring of magical power
MPRegen  0.48/turn              x - ring of stealth

@: non-regenerating
A: damage resistance, heal wounds, sense surroundings 2, no regeneration
a: Heal Wounds, Minor Destruction, Lesser Servant of Makhleb, Renounce Religion


You were on level 11 of the Dungeon.
You worshipped Makhleb.
Makhleb was most pleased with you.
You were not hungry.

You visited 3 branches of the dungeon, and saw 13 of its levels.
You also visited: Ossuary.

You collected 675 gold pieces.
You spent 455 gold pieces at shops.

Inventory:

Hand Weapons
 k - a +0 short sword
 v - a +0 war axe of electrocution (weapon)
 N - the +12 flail of Joimauddea {antimagic, rElec SInv}
   (You took it off an orc on level 9 of the Dungeon)

   It reduces the magical energy of the wielder, and disrupts the spells and
   magical abilities of those hit.
   Natural abilities and divine invocations are not affected.
   It insulates you from electricity.
   It lets you see invisible.
Armour
 a - a +0 robe
 I - a +0 robe of fire resistance (worn)
 Q - a +0 cloak (worn)
Jewellery
 o - a ring of magical power (left hand)
 u - a +5 amulet of reflection
 x - a ring of stealth (right hand)
 E - a cursed -3 ring of protection {unknown}
 G - an uncursed ring of protection from fire
 K - an amulet of magic regeneration (around neck)
Wands
 w - a wand of acid (1)
 H - a wand of digging (7)
 L - a wand of polymorph (4)
Scrolls
 b - 2 scrolls of random uselessness
 d - a scroll of vulnerability {unknown}
 e - 6 scrolls of magic mapping
 f - 2 scrolls of blinking {unknown}
 g - 4 scrolls of teleportation
 m - 3 scrolls of fear {unknown}
 n - 4 scrolls of remove curse
 q - 3 scrolls of enchant armour
 y - 3 scrolls of immolation {unknown}
 C - a scroll of holy word {unknown}
 D - 2 scrolls of fog
 F - 3 scrolls of identify
 J - 2 scrolls of amnesia {unknown}
 P - a scroll of summoning {unknown}
 R - a scroll of enchant weapon {unknown}
Potions
 h - 9 potions of curing
 i - 2 potions of resistance
 j - 2 potions of brilliance
 l - 2 potions of cancellation
 p - 6 potions of flight
 r - 3 potions of agility {unknown}
 s - 3 potions of haste {unknown}
 t - a potion of berserk rage {unknown}
 z - 4 potions of heal wounds
 A - 2 potions of ambrosia {unknown}
 B - 2 potions of might {unknown}
 O - a potion of invisibility {unknown}
Comestibles
 c - 21 rations
 M - 4 chunks of flesh


   Skills:
 * Level 7.0 Fighting
 + Level 5.8 Axes
 - Level 2.1 Dodging
 - Level 2.4 Stealth
 - Level 9.4 Spellcasting
 - Level 9.5 Necromancy


You had 19 spell levels left.
You knew the following spells:

 Your Spells              Type           Power        Failure   Level  Hunger
a - Pain                  Necr           ####         1%          1    None
b - Vampiric Draining     Necr           #####.....   1%          3    None
c - Magic Dart            Conj           #...         8%          1    None
d - Mephitic Cloud        Conj/Pois/Air  #.......     22%         3    None

Your spell library contained the following spells:

 Spells                   Type           Power        Failure   Level  Hunger
 Animate Skeleton         Necr           N/A          1%          1    None
 Animate Dead             Necr           N/A          1%          4    ###....
 Blink                    Tloc           N/A          11%         2    None
 Call Imp                 Summ           #.......     11%         2    None
 Slow                     Hex            #.......     11%         2    None
 Conjure Flame            Conj/Fire      #.......     22%         3    None
 Regeneration             Chrm/Necr      Unusable     N/A         3    N/A

Dungeon Overview and Level Annotations

Branches:
Dungeon (11/15)            Temple (1/1) D:4            Lair (1/6) D:10
    Orc: D:9-12

Altars:
Ashenzari
Cheibriados
Elyvilon
Fedhas
Gozag
Makhleb
Okawaru
Ru
Sif Muna
Trog
Uskayaw
Vehumet
Wu Jian
Xom
Zin
The Shining One

Shops:
D:6 :   D:8 *   D:9 }   D:11 (

Annotations:
D:9 1 runed door, Kushpriest's ghost, novice DECj


Innate Abilities, Weirdness & Mutations

You are resistant to damage.
You can heal yourself by infusing magical energy.
You passively map the area around you.
You do not regenerate.


Message History

Where to? (Enter - D:10, ? - help)
What level of the Dungeon? (default 1, ? - help)
There is a stone staircase leading down here.
You climb downwards.
A wyvern skeleton comes into view.
Found Viog's Antique Weapon Shoppe.
There is a stone staircase leading up here.
You are too injured to fight recklessly!
The wyvern skeleton closely misses you. The wyvern skeleton bites you!
You hit the wyvern skeleton.
The wyvern skeleton is lightly damaged.
The wyvern skeleton bites you!
* * * LOW HITPOINT WARNING * * *
You slash the wyvern skeleton!
The wyvern skeleton is heavily damaged.
The wyvern skeleton bites you!
* * * LOW HITPOINT WARNING * * *
The wyvern skeleton bites you!
You die...

, , *
#....#......,,,*,
#....#......,,,
#.....#.... , ,
#......... ,
#...#.∩.#.. *
#......... *
#...Z.#,, , ,
#...@# , * #....+
, , , #<...# , *
** #........., ,
, ........... ,
***
*,,*######......
, , , #......, ,
, * , #...... * ,
, , ...... , , ,


You could see a wyvern skeleton.

Vanquished Creatures
  Pikel (D:9)
  Psyche (D:8)
  A komodo dragon (Lair:1)
  Prince Ribbit (D:9)
  A hippogriff (D:9)
  A yak (D:10)
  2 wraiths
  A basilisk (Lair:1)
  3 wargs (D:10)
  2 water moccasins
  2 porcupines (Lair:1)
  2 orc warriors
  A slave (D:9)
  2 phantoms
  A black bear (D:9)
  A necrophage (D:9)
  6 ogres
  4 centaurs
  A crocodile (D:7)
  3 bullfrogs
  A wyvern skeleton (D:9)
  A scorpion (D:4)
  12 killer bees (D:10)
  3 howler monkeys
  4 crimson imps
  A bullfrog zombie (D:6)
  2 jellies
  4 orc priests
  A gnoll shaman (D:8)
  3 hounds
  A quasit (D:8)
  A bullfrog skeleton (D:5)
  Jessica (D:2)
  2 iguanas
  11 orc wizards
  8 worker ants
  A mummy (Ossuary)
  A worker ant zombie (D:10)
  3 gnolls (D:8)
  12 adders
  4 shadow imps
  An ooze (D:1)
  2 adder skeletons
  A worm (D:2)
  2 dart slugs (D:1)
  3 leopard geckos
  40 orcs
  3 ball pythons
  9 bats
  3 giant cockroaches
  5 goblins
  4 hobgoblins
  7 jackals
  3 quokkas
  6 frilled lizards
  3 gnoll skeletons (Ossuary)
  13 kobolds
  9 kobold skeletons (Ossuary)
  A leopard gecko skeleton (D:4)
  13 orc skeletons (Ossuary)
  A quokka zombie (D:3)
  9 rats
  A butterfly (Lair:1)
253 creatures vanquished.

Vanquished Creatures (others)
  An orc (D:9)
  A fungus (D:9)
  9 plants (D:9)
11 creatures vanquished.

Grand Total: 264 creatures vanquished

Notes
Turn   | Place    | Note
-------+----------+-------------------------------------------
     0 | D:1      | Dfrag the Deep Dwarf Necromancer began the quest for the
                  | Orb.
     0 | D:1      | Reached XP level 1. HP: 15/15 MP: 3/3
   132 | D:1      | Found a shattered altar of Ashenzari.
   201 | D:1      | Reached XP level 2. HP: 22/22 MP: 1/5
   476 | D:1      | Reached XP level 3. HP: 26/28 MP: 0/7
   706 | D:2      | Found a shimmering altar of Xom.
   811 | D:2      | Reached skill level 5 in Necromancy
   827 | D:2      | Reached XP level 4. HP: 29/36 MP: 1/8
   907 | D:2      | Noticed Jessica
   913 | D:2      | Killed Jessica
   944 | D:2      | Learned a level 3 spell: Vampiric Draining
  1430 | D:3      | Reached XP level 5. HP: 31/42 MP: 10/10
  1744 | D:3      | Reached XP level 6. HP: 34/49 MP: 12/12
  2058 | D:4      | Reached skill level 5 in Spellcasting
  2147 | D:4      | Reached XP level 7. HP: 28/55 MP: 0/15
  2620 | D:4      | Found a staircase to the Ecumenical Temple.
  2630 | Temple   | Entered the Ecumenical Temple
  2715 | Temple   | Became a worshipper of Makhleb the Destroyer
  2987 | D:5      | Entered Level 5 of the Dungeon
  3078 | D:5      | Found a white marble altar of Elyvilon.
  3124 | D:5      | Found an ornate altar of the Wu Jian Council.
  3200 | D:5      | Found a shimmering altar of Xom.
  3433 | D:5      | Found a blossoming altar of Fedhas.
  3434 | D:5      | Found a radiant altar of Vehumet.
  3436 | D:5      | Found a hide-covered altar of Uskayaw.
  3436 | D:5      | Found a snail-covered altar of Cheibriados.
  3442 | D:5      | Reached XP level 8. HP: 29/62 MP: 16/17
  3838 | D:6      | Found a sand-covered staircase.
  3843 | Ossuary  | Entered an ossuary
  3852 | Ossuary  | Reached * piety under Makhleb
  3918 | Ossuary  | Learned a level 1 spell: Magic Dart
  4103 | D:6      | Found Lawan's Book Shoppe.
  4388 | D:6      | Reached ** piety under Makhleb
  5169 | D:8      | Found an iron altar of Okawaru.
  5175 | D:8      | Gained mutation: You passively map the area around you.
                  | [Deep Dwarf growth]
  5175 | D:8      | Reached XP level 9. HP: 40/68 MP: 14/21
  5372 | D:8      | Noticed Psyche
  5383 | D:8      | Learned a level 3 spell: Mephitic Cloud
  5402 | D:8      | Killed Psyche
  5455 | D:8      | Found Gomaesia's General Store.
  5466 | D:8      | Bought a potion of heal wounds for 65 gold pieces
  5466 | D:8      | Bought an uncursed amulet of magic regeneration for 390
                  | gold pieces
  5748 | D:9      | Reached skill level 1 in Fighting
  5768 | D:9      | Reached skill level 1 in Axes
  5779 | D:9      | Noticed Pikel
  5786 | D:9      | Identified the +12 flail of Joimauddea {antimagic, rElec
                  | SInv}
  5815 | D:9      | Reached *** piety under Makhleb
  5820 | D:9      | Killed Pikel
  5836 | D:9      | Found a runed door.
  5838 | D:9      | Found Sutoxt's Gadget Shop.
  5852 | D:9      | Noticed Kushpriest's ghost (novice DECj)
  5859 | D:9      | Identified the cursed +1 spear of Intimidation {pain, rN+
                  | Int-2 Dex+7}
  5898 | D:9      | Noticed Prince Ribbit
  5941 | D:9      | Killed Prince Ribbit
  5941 | D:9      | Reached XP level 10. HP: 34/83 MP: 2/23
  6022 | D:9      | Found a bloodstained altar of Trog.
  6306 | D:10     | Entered Level 10 of the Dungeon
  6483 | D:10     | Found a staircase to the Lair.
  6762 | D:10     | Reached skill level 5 in Fighting
  6805 | Lair:1   | Entered Level 1 of the Lair of Beasts
  6956 | Lair:1   | Noticed a five-headed hydra
  7045 | D:10     | Reached skill level 5 in Axes
  7681 | D:11     | Found Viog's Antique Weapon Shoppe.
  7688 | D:11     | HP: 3/94 [wyvern skeleton (15)]
  7688 | D:11     | Mangled by a wyvern skeleton

Vault maps used:
D:1:      tarquinn_simple_flora_water_c, nicolae_ashenzari_panopticon
D:2:      old_standard_altar, uniq_jessica
D:3:      first_ration, kennysheep_generic_room_15
D:4:      minmay_temple_entry_glassed_door
D:5:      elyvilon_altar_3, kennysheep_mini, grunt_temple_overflow_open,
          dk_vineyard_2, led_xom_imps
D:6:      nicolae_ossuary_entry_false_entrances, serial_shops,
          nicolae_shop_statue_plus, item_on_display_a
D:8:      old_standard_altar, serial_shops, shop, uniq_psyche
D:9:      overflow_temple_1_default, serial_shops, nicolae_shop_crystal,
          ebering_ghost_funeral_grove, uniq_prince_ribbit1, uniq_pikel
D:10:     kennysheep_windowed_halls, erik_lair_orcish_takeover
D:11:     david_orc_5, serial_shops, nicolae_shop_stone, david_nohive_1,
          chequers_serial_rivers_micro_b
Temple:   nicolae_temple_figure_eight
Lair:1:   maelrawn_ghost_labyrinth_escape, cheibrodos_lair_caveside_slide,
          minmay_shattered_shrine, lemuel_fruit_fields
Ossuary:  ossuary_due_mausoleum

Skill      XL: |  1  2  3  4  5  6  7  8  9 10 |
---------------+-------------------------------+-----
Spellcasting   | 2 3 4 5 6 8 9 |  9.4
Necromancy     | 5 6 7 8 9 |  9.5
Fighting       | 3 7 |  7.0
Axes           | 3 5 |  5.8
Dodging        | |  2.1
Stealth        | |  2.4

Action                   |  1- 3 |  4- 6 |  7- 9 | 10-12 || total
-------------------------+-------+-------+-------+-------++-------
Melee: Unarmed           |     8 |       |       |       ||     8
       Short sword       |    49 |     5 |       |       ||    54
       War axe           |       |    31 |   194 |    32 ||   257
       Flail             |       |       |     5 |       ||     5
 Cast: Pain              |    54 |    47 |    31 |    25 ||   157
       Vampiric Draining |       |    25 |   114 |    70 ||   209
       Magic Dart        |       |       |     3 |       ||     3
       Mephitic Cloud    |       |       |     1 |       ||     1
 Abil: Heal Wounds       |     2 |       |       |       ||     2
Evoke: Wand              |       |       |     5 |     5 ||    10
  Use: Scroll            |       |       |    10 |     3 ||    13
       Potion            |       |       |       |     1 ||     1
 Stab: Sleeping          |       |       |     5 |     1 ||     6
  Eat: Chunk             |       |     6 |    22 |     5 ||    33
Armor: Robe              |    17 |     7 |    51 |    11 ||    86
Dodge: Dodged            |    71 |    43 |   257 |   107 ||   478
Block: Other             |       |       |    55 |       ||    55
       Reflection        |       |       |     1 |       ||     1

Table legend:
 A = Non-vault XP
 B = Vault XP
 C = Vault XP percentage of total XP
 D = Non-vault monster count
 E = Vault monster count
 F = Vault count percentage of total count
                 A         B        C        D         E       F
            +---------+---------+-------+---------+---------+-------
      Total |    6139 |    3101 |  33.6 |     197 |      54 |  21.5
            +---------+---------+-------+---------+---------+-------
        D:1 |      48 |       0 |   0.0 |      25 |       0 |   0.0
        D:2 |     104 |      37 |  26.2 |      27 |       1 |   3.6
        D:3 |     219 |       4 |   1.8 |      25 |       2 |   7.4
        D:4 |     611 |       0 |   0.0 |      26 |       0 |   0.0
        D:5 |     434 |     140 |  24.4 |       7 |       3 |  30.0
        D:6 |     568 |       0 |   0.0 |      17 |       0 |   0.0
        D:7 |     480 |       0 |   0.0 |      14 |       0 |   0.0
        D:8 |     458 |     448 |  49.4 |      13 |       1 |   7.1
        D:9 |    1249 |     900 |  41.9 |      17 |       2 |  10.5
       D:10 |     993 |    1339 |  57.4 |      21 |      18 |  46.2
     Lair:1 |     975 |       0 |   0.0 |       5 |       0 |   0.0
    Ossuary |       0 |     233 | 100.0 |       0 |      27 | 100.0
            +---------+---------+-------+---------+---------+-------
